AoeStats
← 白内障看不清,充能步枪滋眼睛

Lombardia

509346681Analyzed
4v4 RM · 6d ago on Sep 26, 2026· 62m 39s· 8 players
Game mode
Random Map
Map size
Large (8 player)
Population
200
Speed
Normal
Resources
Standard
Victory
Conquest
Starting age
Dark Age
Ending age
Imperial Age
RankedLock teamsTeams togetherTeam positionsShared explorationLock speedFull tech treeHidden civsTurbo modeCheats
Victory
Defeat
🇩🇪 Wei · Germany
996
+16
🇺🇸 Varangians · United States
991
+16
🇨🇿 Persians · Czechia
984
+16
🇫🇷 Ethiopians · France
965
+17
🇨🇳 Teutons · China
1008
-17
🇨🇳 Mongols · China
1001
-17
🇯🇵 Franks · Japan
955
-15
Bbullet2
10:08 Feudal Age
15:41 Castle Age
15:43 Double-Bit Axe
15:49 Horse Collar
17:04 Loom
19:05 Arson
19:21 Squires
21:30 Heavy Plow
22:12 Bow Saw
25:03 Wheelbarrow
25:10 Gold Mining
25:10 Stone Mining
27:38 Hand Cart
28:12 Gambesons
28:49 Forging
28:40 Scale Mail Armor
29:25 Stone Mining
31:16 Caravan
34:18 Imperial Age
34:13 Iron Casting
33:53 Chain Mail Armor
35:59 Stone Shaft Mining
35:56 Crop Rotation
36:28 Two-Man Saw
35:56 Conscription
36:29 Guilds
36:49 Elite Varangian Guard
37:23 Gothikon
39:28 Plate Mail Armor
40:19 Blast Furnace
44:07 Scale Barding Armor
43:52 Fletching
44:03 Padded Archer Armor
53:34 Coinage
55:06 Banking
Nech to G Bro
9:50 Feudal Age
11:33 Loom
14:05 Castle Age
13:19 Double-Bit Axe
13:15 Horse Collar
19:17 Loom
21:24 Bow Saw
22:01 Scale Barding Armor
22:06 Forging
23:21 Husbandry
23:31 Bloodlines
23:30 Heavy Plow
24:57 Wheelbarrow
26:26 Chain Barding Armor
27:58 Iron Casting
32:18 Imperial Age
31:13 Hand Cart
30:43 Town Watch
30:52 Stone Mining
30:54 Gold Mining
32:41 Cavalier
34:35 Plate Barding Armor
35:00 Blast Furnace
35:13 Masonry
37:35 Chemistry
36:55 Ballistics
38:15 Savar
43:04 Conscription
43:57 Caravan
44:38 Citadels
46:38 Two-Man Saw
47:27 Light Cavalry
50:45 Hussar
58:42 Crop Rotation
AlLaN
12:25 Feudal Age
14:39 Horse Collar
15:56 Double-Bit Axe
18:30 Castle Age
17:12 Gold Mining
17:34 Stone Mining
19:43 Bow Saw
19:04 Crossbowman
20:33 Heavy Plow
21:39 Gold Shaft Mining
23:25 Wheelbarrow
24:07 Fletching
24:37 Hand Cart
26:13 Ballistics
26:19 Bodkin Arrow
27:25 Stone Shaft Mining
34:44 Imperial Age
35:06 Padded Archer Armor
35:10 Caravan
35:30 Bracer
36:44 Chemistry
35:49 Siege Engineers
35:55 Masonry
35:59 Thumb Ring
35:14 Arbalester
37:39 Two-Man Saw
37:23 Leather Archer Armor
37:27 Torsion Engines
38:44 Ring Archer Armor
39:31 Conscription
Gangolf Eierschmalz
5:47 Loom
12:09 Feudal Age
12:50 Horse Collar
14:09 Double-Bit Axe
20:13 Castle Age
22:21 Bow Saw
22:15 Heavy Plow
30:45 Imperial Age
28:21 Fletching
28:35 Scale Mail Armor
27:59 Pikeman
30:07 Squires
30:16 Thumb Ring
30:14 Padded Archer Armor
31:19 Ballistics
32:36 Town Watch
33:28 Wheelbarrow
33:50 Chain Mail Armor
36:08 Crop Rotation
36:21 Bodkin Arrow
36:38 Forging
37:39 Town Patrol
38:39 Iron Casting
38:35 Hand Cart
38:48 Halberdier
40:38 Tuntian
41:15 Ming Guang Armor
44:15 Parthian Tactics
43:53 Bracer
44:54 Blast Furnace
44:09 Leather Archer Armor
49:23 Ring Archer Armor
57:44 Scale Barding Armor
58:11 Conscription
58:51 Husbandry
58:13 Heavy Hei Guang Cavalry
59:59 Bloodlines
kagemusha
9:48 Loom
13:59 Feudal Age
18:40 Castle Age
19:18 Wheelbarrow
19:28 Double-Bit Axe
22:07 Bow Saw
27:15 Town Watch
27:41 Gold Mining
29:24 Hand Cart
33:03 Pikeman
37:03 Imperial Age
35:33 Sanctity
36:16 Scale Barding Armor
36:22 Forging
36:02 Fletching
38:12 Conscription
37:14 Cavalier
37:55 Husbandry
39:24 Padded Archer Armor
39:24 Scale Mail Armor
40:00 Bodkin Arrow
42:30 Iron Casting
42:16 Chain Barding Armor
46:05 Plate Barding Armor
46:32 Blast Furnace
46:14 Paladin
47:22 Light Cavalry
58:34 Elite Skirmisher
白桵
12:40 Feudal Age
17:45 Castle Age
16:23 Horse Collar
17:00 Double-Bit Axe
19:40 Wheelbarrow
23:10 Bow Saw
23:03 Heavy Plow
23:07 Stone Mining
23:12 Gold Mining
24:55 Stone Shaft Mining
32:39 Imperial Age
30:39 Forging
30:31 Scale Mail Armor
31:07 Hand Cart
33:29 Squires
33:16 Gambesons
33:17 Arson
32:54 Pikeman
34:18 Iron Casting
33:59 Chain Mail Armor
34:52 Conscription
35:14 Caravan
36:08 Crop Rotation
36:43 Two-Man Saw
38:25 Blast Furnace
37:56 Plate Mail Armor
38:43 Elite Teutonic Knight
41:07 Onager
41:45 Fletching
42:28 Ironclad
44:24 Siege Engineers
44:40 Ballistics
45:23 Chemistry
46:20 Siege Onager
47:01 Bodkin Arrow
47:11 Halberdier
白仔
11:54 Feudal Age
13:05 Double-Bit Axe
16:38 Castle Age
14:25 Horse Collar
18:15 Wheelbarrow
18:42 Bow Saw
18:49 Loom
24:23 Fletching
24:33 Padded Archer Armor
24:47 Heavy Plow
24:46 Gold Mining
26:04 Bodkin Arrow
26:24 Leather Archer Armor
29:14 Bloodlines
29:04 Husbandry
31:26 Scale Barding Armor
32:34 Hand Cart
36:16 Imperial Age
34:56 Town Watch
36:44 Heavy Camel Rider
37:51 Forging
39:58 Iron Casting
39:54 Chain Barding Armor
40:27 Conscription
41:24 Elite Mangudai
43:24 Blast Furnace
42:25 Bracer
43:10 Ballistics
43:55 Chemistry
47:50 Caravan
49:43 Onager
52:39 Light Cavalry
56:23 Thumb Ring
55:39 Elite Skirmisher
57:10 Scale Mail Armor
白内障看不清,充能步枪滋眼睛
11:53 Feudal Age
12:33 Double-Bit Axe
17:28 Castle Age
15:18 Horse Collar
17:01 Wheelbarrow
19:38 Bow Saw
19:32 Heavy Plow
24:27 Hand Cart
30:00 Imperial Age
29:27 Chemistry
28:48 Ballistics
30:42 Ballistics
30:19 Fletching
30:30 Padded Archer Armor
30:41 Forging
30:32 Scale Mail Armor
31:56 Two-Man Saw
33:05 Murder Holes
33:07 Bodkin Arrow
33:28 Leather Archer Armor
33:48 Iron Casting
33:29 Chain Mail Armor
33:18 Pikeman
33:59 Squires
33:44 Arson
35:45 Halberdier
38:35 Blast Furnace
37:35 Bracer
38:06 Ring Archer Armor
38:06 Plate Mail Armor
Connection lost

Rejoining the realm…

Still unreachable

The connection could not be restored.

Session expired

The server has moved on; the page needs a fresh start.